AoeStats
← Fries

Arena

509920364Analyzed
4v4 RM · 4d ago on Sep 28, 2026· 44m 7s· 8 players
Game mode
Random Map
Map size
Large (8 player)
Population
200
Speed
Normal
Resources
Standard
Victory
Conquest
Starting age
Dark Age
Ending age
Imperial Age
RankedLock teamsTeams togetherTeam positionsShared explorationLock speedFull tech treeHidden civsTurbo modeCheats
Victory
Defeat
🇮🇹 Koreans · Italy
1613
+13
🇹🇼 Celts · Taiwan
1588
+14
🇨🇳 Magyars · China
1580
+14
🇪🇸 Danes · Spain
1547
+15
🇦🇷 Lithuanians · Argentina
1548
-14
🇧🇷 Saxons · Brazil
1546
-14
🇺🇸 Mongols · United States
1540
-14
🇦🇷 Goths · Argentina
1529
-14
Wolf Knight
10:47 Feudal Age
14:38 Castle Age
12:57 Double-Bit Axe
14:02 Horse Collar
15:38 Bow Saw
16:55 Heavy Plow
20:49 Loom
25:01 Wheelbarrow
26:40 Hand Cart
29:31 Imperial Age
27:40 Hamask
28:45 Scale Mail Armor
28:56 Forging
30:16 Gambesons
30:31 Squires
29:52 Man-at-Arms
29:52 Pikeman
31:22 Siege Engineers
31:21 Fletching
32:37 Conscription
32:40 Halberdier
33:57 Onager
35:15 Chain Mail Armor
35:35 Iron Casting
35:13 Northmen's Fury
35:14 Elite Jomsviking
36:46 Siege Onager
38:24 Plate Mail Armor
38:54 Blast Furnace
40:39 Bodkin Arrow
41:59 Blast Furnace
42:27 Capped Ram
Fries
10:41 Feudal Age
8:58 Loom
10:46 Feudal Age
12:35 Double-Bit Axe
15:08 Castle Age
13:12 Horse Collar
16:16 Bow Saw
16:16 Heavy Plow
21:04 Wheelbarrow
23:58 Hand Cart
25:22 Gold Mining
27:53 Gold Shaft Mining
30:37 Imperial Age
28:43 Scale Mail Armor
29:29 Ballistics
29:41 Chain Mail Armor
29:11 Pikeman
30:46 Heavy Scorpion
31:34 Siege Engineers
32:17 Plate Mail Armor
33:43 Capped Ram
34:38 Furor Celtica
34:48 Conscription
34:40 Siege Ram
35:16 Siege Ram
36:58 Chemistry
43:30 Forging
第一滴血
10:31 Feudal Age
11:57 Double-Bit Axe
14:30 Castle Age
12:35 Horse Collar
16:23 Wheelbarrow
23:36 Hand Cart
24:12 Heavy Plow
24:23 Bow Saw
24:04 Gold Mining
30:10 Imperial Age
27:28 Loom
27:28 Town Watch
28:06 Ballistics
28:03 Scale Barding Armor
29:06 Chain Barding Armor
28:39 Fletching
29:46 Bloodlines
29:38 Husbandry
30:25 Bodkin Arrow
30:31 Padded Archer Armor
30:20 Heavy Cavalry Archer
31:06 Thumb Ring
32:06 Chemistry
31:14 Bracer
31:56 Padded Archer Armor
32:31 Plate Barding Armor
32:01 Recurve Bow
32:21 Conscription
32:50 Crop Rotation
34:53 Two-Man Saw
34:11 Elite Magyar Huszar
36:50 Leather Archer Armor
37:02 Parthian Tactics
36:03 Elite Magyar Huszar
38:02 Gold Shaft Mining
37:18 Stone Mining
38:18 Coinage
38:30 Hoardings
39:57 Masonry
39:53 Siege Engineers
39:28 Treadmill Crane
40:21 Banking
41:12 Caravan
Zoccolo Fitusu
10:26 Feudal Age
14:17 Castle Age
12:36 Double-Bit Axe
12:33 Horse Collar
15:17 Bow Saw
17:27 Loom
20:15 Wheelbarrow
20:26 Heavy Plow
21:25 Gold Mining
23:10 Hand Cart
27:06 Imperial Age
24:44 Fletching
25:32 Ballistics
26:41 Bodkin Arrow
27:51 Bracer
28:13 Conscription
28:56 Chemistry
28:02 Siege Engineers
29:02 Thumb Ring
29:18 Town Watch
31:10 Elite War Wagon
33:27 Masonry
38:15 Husbandry
42:22 Shinkichon
mxrider971
8:03 Loom
9:52 Feudal Age
11:54 Horse Collar
12:02 Double-Bit Axe
14:53 Castle Age
15:48 Heavy Plow
16:01 Bow Saw
22:29 Wheelbarrow
23:53 Hand Cart
24:24 Town Watch
28:35 Imperial Age
26:18 Fletching
26:55 Ballistics
26:54 Bodkin Arrow
29:07 Bloodlines
28:58 Husbandry
28:37 Capped Ram
29:27 Siege Engineers
29:51 Drill
30:27 Conscription
30:37 Parthian Tactics
30:18 Thumb Ring
29:49 Siege Ram
32:02 Chemistry
32:07 Elite Mangudai
33:40 Bracer
33:41 Padded Archer Armor
37:26 Leather Archer Armor
37:34 Onager
39:01 Siege Onager
SeiyaPegasus
10:03 Feudal Age
14:17 Castle Age
12:34 Double-Bit Axe
12:32 Horse Collar
16:44 Bow Saw
16:49 Heavy Plow
16:48 Loom
20:32 Wheelbarrow
22:35 Hand Cart
22:43 Gold Mining
23:16 Stone Mining
24:58 Town Watch
28:36 Imperial Age
26:56 Gold Shaft Mining
26:41 Fletching
27:12 Ballistics
27:33 Caravan
27:47 Bodkin Arrow
28:29 Guard Tower
28:35 Murder Holes
29:38 Bracer
30:39 Chemistry
29:25 Arrowslits
30:16 Keep
29:36 Arrowslits
30:52 Two-Man Saw
30:36 Squires
30:24 Gambesons
30:00 Man-at-Arms
31:07 Conscription
31:21 Siege Engineers
33:10 Guilds
33:30 Coinage
32:25 Long Swordsman
32:28 Shield Wall
33:29 Conscription
33:26 Scale Mail Armor
33:36 Forging
34:30 Masonry
34:56 Hoardings
34:26 Two-Handed Swordsman
34:52 Arson
35:09 Champion
36:53 Chain Mail Armor
37:14 Iron Casting
38:44 Plate Mail Armor
42:05 Padded Archer Armor
42:37 Architecture
43:56 Banking
Lauti
10:20 Feudal Age
14:37 Castle Age
13:16 Double-Bit Axe
13:12 Horse Collar
21:36 Wheelbarrow
28:15 Imperial Age
27:40 Hand Cart
28:07 Loom
28:08 Town Watch
28:35 Bloodlines
28:26 Husbandry
29:00 Bow Saw
28:40 Gold Mining
28:41 Stone Mining
29:20 Cavalier
30:07 Scale Barding Armor
30:12 Forging
30:07 Scale Barding Armor
30:12 Forging
31:50 Chemistry
31:48 Chain Barding Armor
32:03 Iron Casting
31:48 Chain Barding Armor
31:06 Paladin
35:32 Plate Barding Armor
36:29 Elite Skirmisher
37:15 Thumb Ring
37:13 Fletching
37:23 Padded Archer Armor
38:32 Ballistics
39:38 Bodkin Arrow
39:58 Leather Archer Armor
40:38 Bracer
41:33 Thumb Ring
42:00 Ring Archer Armor
44:17 Conscription
Alexis
7:25 Loom
9:21 Feudal Age
9:47 Double-Bit Axe
11:02 Horse Collar
16:14 Castle Age
15:04 Town Watch
17:09 Bow Saw
21:02 Wheelbarrow
24:53 Scale Mail Armor
25:53 Chain Mail Armor
25:57 Squires
25:18 Man-at-Arms
26:21 Forging
26:32 Hand Cart
26:11 Fletching
26:30 Long Swordsman
31:43 Imperial Age
29:59 Heavy Plow
29:50 Gold Mining
29:52 Stone Mining
32:15 Iron Casting
31:35 Bodkin Arrow
31:46 Anarchy
32:24 Stone Shaft Mining
31:46 Two-Handed Swordsman
32:50 Conscription
32:31 Perfusion
32:35 Champion
34:19 Blast Furnace
34:22 Chemistry
35:13 Ballistics
34:55 Padded Archer Armor
36:12 Masonry
35:32 Pikeman
36:28 Leather Archer Armor
38:42 Ring Archer Armor
38:19 Capped Ram
39:34 Elite Huskarl
Connection lost

Rejoining the realm…

Still unreachable

The connection could not be restored.

Session expired

The server has moved on; the page needs a fresh start.